[Event "Titled Tuesday Blitz July 25 Early 2023"]
[White "Pershina, Elena"]
[Black "Thecourseoisildur"]
[WhiteFideId "24147516"]
[WhiteElo "2427"]
[BlackElo "2567"]
[Result "0-1"]
[Round "7"]
[TimeControl "180+2"]
[Date "2023.07.25"]
[WhiteClock "0:00:17"]
[BlackClock "0:00:12"]
[Board "107"]

1. c4 Nf6 2. g3 g6 3. Bg2 Bg7 4. Nc3 O-O 5. d4 d6 6. h3 Nc6 7. Nf3 e5 8. Be3 Re8 9. O-O exd4 10. Nxd4 Rxe3 11. fxe3 Ne5 12. b3 Nh5 13. Kh2 Qg5 14. Ne4 Qxe3 15. Qd2 Qxd2 16. Nxd2 Bd7 17. Rad1 Re8 18. Ne4 Nc6 19. Nb5 Rc8 20. Nbc3 f5 21. g4 fxe4 22. Nxe4 Be5+ 23. Kg1 Ng7 24. c5 Nd4 25. e3 Nc2 26. Kf2 Rf8+ 27. Ke2 Bb5+ 28. Kd2 Bxf1 29. Bxf1 Nb4 30. cxd6 cxd6 31. a3 Nc6 32. Bc4+ Kh8 33. Ng5 h6 34. Nf7+ Kh7 35. h4 b5 36. Bxb5 Rxf7 37. Bxc6 Rf2+ 38. Kd3 Ne6 39. b4 Ra2 40. Bd5 Rxa3+ 41. Ke4 Nc7 42. Bc4 Rc3 43. Ba2 Rc2 44. Bb3 Rb2 45. Bc4 Rxb4 46. Rc1 Rxc4+ 47. Rxc4 d5+ 48. Kxe5 dxc4 0-1


[Site "https://www.chess.com"]

[Event "Titled Tuesday Blitz July 25 Early 2023"]
[White "Vlassov, Nikolai"]
[Black "Miszler, Levente"]
[WhiteFideId "4103360"]
[BlackFideId "763276"]
[WhiteElo "2563"]
[BlackElo "2423"]
[Result "1-0"]
[Round "7"]
[TimeControl "180+2"]
[Date "2023.07.25"]
[WhiteClock "0:01:02"]
[BlackClock "0:01:16"]
[Board "108"]

1. e4 c5 2. c3 Nf6 3. e5 Nd5 4. d4 cxd4 5. cxd4 Nc6 6. Nc3 Nxc3 7. bxc3 d5 8. Bd3 g6 9. f4 Bf5 10. Bxf5 gxf5 11. e6 fxe6 12. Qh5+ Kd7 13. Nf3 Bg7 14. O-O Qe8 15. Qh3 Qg6 16. Re1 Rag8 17. a4 h5 18. Ng5 Nd8 19. Qd3 a6 20. Ra2 h4 21. c4 Bf6 22. Rc2 Bxg5 23. fxg5 Rh5 24. cxd5 exd5 25. Qb3 Qd6 26. Re5 e6 27. Bf4 Rhxg5 28. Rxf5 Rxf5 29. Bxd6 Kxd6 30. Qb6+ Kd7 31. Rc7+ Ke8 32. Rc8 1-0


[Site "https://www.chess.com"]

[Event "Titled Tuesday Blitz July 25 Early 2023"]
[White "Yurovskykh, Oleksandr"]
[Black "Balla, Tamas-Kristof"]
[WhiteFideId "14134020"]
[BlackFideId "1208497"]
[WhiteElo "2559"]
[BlackElo "2422"]
[Result "1/2-1/2"]
[Round "7"]
[TimeControl "180+2"]
[Date "2023.07.25"]
[WhiteClock "0:00:03"]
[BlackClock "0:00:04"]
[Board "109"]

1. c4 c5 2. g3 Nc6 3. Bg2 g6 4. Nc3 Bg7 5. Nf3 e6 6. h4 h5 7. d3 Nge7 8. Rb1 a5 9. O-O O-O 10. Bd2 d6 11. Ne1 b6 12. Nc2 Bb7 13. a3 Qd7 14. b4 axb4 15. axb4 Nd4 16. Bxb7 Qxb7 17. Nxd4 cxd4 18. Ne4 d5 19. cxd5 Nxd5 20. Qb3 Qd7 21. Rfc1 Rfc8 22. Kg2 Nc3 23. Nxc3 dxc3 24. Be1 Qc6+ 25. f3 c2 26. Rb2 Bxb2 27. Qxb2 Ra7 28. Bf2 Rac7 29. Bd4 Kh7 30. Kf2 Qd5 31. Bf6 b5 32. Be5 Rc6 33. Bf6 Qf5 34. Bd4 Qh3 35. Be5 Qh2+ 36. Ke3 Qh3 37. Kd2 Qf5 38. Bf4 e5 39. Be3 f6 40. Qb3 Qd7 41. Qa2 f5 42. Bc5 e4 43. Qxc2 exd3 44. Qxd3 Qc7 45. Kc2 Rd8 46. Qc3 Rc8 47. Rd1 Qf7 48. Qb3 Qg7 49. Qc3 Qf7 50. Qb3 Qg7 51. Qc3 Qf7 1/2-1/2


[Site "https://www.chess.com"]

[Event "Titled Tuesday Blitz July 25 Early 2023"]
[White "Kochiev, Ivan"]
[Black "Alvarado Diaz, Alejandro"]
[WhiteFideId "2917890"]
[BlackFideId "2276119"]
[WhiteElo "2552"]
[BlackElo "2422"]
[Result "0-1"]
[Round "7"]
[TimeControl "180+2"]
[Date "2023.07.25"]
[WhiteClock "0:00:00"]
[BlackClock "0:00:08"]
[Board "110"]

1. e4 c5 2. Nf3 d6 3. d4 cxd4 4. Nxd4 Nf6 5. f3 e5 6. Nb3 Be6 7. c4 Nbd7 8. Nc3 Rc8 9. Nd5 Nb6 10. Nxb6 Qxb6 11. Bd2 Be7 12. Rc1 O-O 13. Bd3 Nd7 14. Qe2 Nc5 15. Nxc5 Qxc5 16. Be3 Qa5+ 17. Kf2 a6 18. b3 Bd8 19. Rhd1 Bb6 20. Bb1 Bxe3+ 21. Qxe3 Qc5 22. Rc2 f5 23. Rcd2 f4 24. Qxc5 dxc5 25. Rd6 Kf7 26. a4 Ke7 27. a5 Rfd8 28. Rxd8 Rxd8 29. Rxd8 Kxd8 30. Ke2 Kc7 31. Kd2 g5 32. Bd3 b6 33. axb6+ Kxb6 34. Be2 Ka5 35. Kc3 h5 36. h3 Kb6 37. b4 cxb4+ 38. Kxb4 a5+ 39. Ka4 Bd7+ 40. Kb3 Kc5 41. Bd1 Be6 42. Kc3 Bxc4 43. Ba4 Bf1 44. Be8 h4 45. Bh5 Bxg2 46. Bg4 a4 0-1


[Site "https://www.chess.com"]

[Event "Titled Tuesday Blitz July 25 Early 2023"]
[White "vishwa_vijeta"]
[Black "Zacurdajev, Dmitry"]
[BlackFideId "4196309"]
[WhiteElo "2546"]
[BlackElo "2420"]
[Result "1-0"]
[Round "7"]
[TimeControl "180+2"]
[Date "2023.07.25"]
[WhiteClock "0:01:31"]
[BlackClock "0:00:14"]
[Board "111"]

1. e4 c6 2. d4 d5 3. Nd2 dxe4 4. Nxe4 Nf6 5. Nxf6+ exf6 6. c3 Bd6 7. Nf3 O-O 8. Be2 Re8 9. O-O Bg4 10. h3 Bh5 11. Be3 Nd7 12. Re1 Nf8 13. Qd2 Qd7 14. Rad1 Rad8 15. d5 Bb8 16. dxc6 bxc6 17. Qxd7 Rxd7 18. Rxd7 Nxd7 19. Nd4 Bxe2 20. Rxe2 c5 21. Nc6 a6 22. Rd2 Ne5 23. Nxb8 Rxb8 24. Bxc5 Nc4 25. Re2 g5 26. b3 Ne5 27. Bd6 Re8 28. c4 Nf3+ 29. Kf1 Rd8 30. c5 Nd4 31. Re1 Kg7 32. Rc1 Nc6 33. Ke2 Re8+ 34. Kd3 f5 35. Kc4 Re2 36. Kd5 Nb4+ 37. Kc4 Nc6 38. a4 Kf6 39. b4 Re4+ 40. Kb3 Rxb4+ 41. Ka3 Rd4 42. Rb1 Rd3+ 43. Rb3 a5 44. Rxd3 1-0


[Site "https://www.chess.com"]

[Event "Titled Tuesday Blitz July 25 Early 2023"]
[White "Marn, Jan"]
[Black "Souleidis, Georgios"]
[WhiteFideId "14619245"]
[BlackFideId "4206827"]
[WhiteElo "2414"]
[BlackElo "2544"]
[Result "1-0"]
[Round "7"]
[TimeControl "180+2"]
[Date "2023.07.25"]
[WhiteClock "0:00:03"]
[BlackClock "0:00:05"]
[Board "112"]

1. f4 d5 2. Nf3 Nf6 3. e3 g6 4. d3 Bg7 5. Be2 O-O 6. O-O b6 7. Ne5 Bb7 8. Qe1 c5 9. Nd2 Nc6 10. Qh4 Qc7 11. Ndf3 Nd7 12. Nxc6 Bxc6 13. a4 e5 14. e4 dxe4 15. Ng5 h6 16. Nxe4 Qd8 17. Qh3 f5 18. Nc3 exf4 19. Bxf4 g5 20. Bd2 Qf6 21. Rae1 Rae8 22. Bh5 Rxe1 23. Rxe1 Ne5 24. Nb5 a6 25. Bc3 Qe7 26. d4 cxd4 27. Nxd4 Bd7 28. Qe3 f4 29. Qe2 Qc5 30. Kh1 b5 31. axb5 axb5 32. Nb3 f3 33. gxf3 Qd5 34. Bxe5 Bc6 35. Bxg7 Kxg7 36. Qe5+ Kg8 37. Qxd5+ Bxd5 38. Kg2 Rc8 39. Nd4 b4 40. Re5 Ba2 41. Rb5 Rc4 42. Nf5 Rxc2+ 43. Kg3 Rxb2 44. Bg6 Kf8 45. Rb8# 1-0


[Site "https://www.chess.com"]

[Event "Titled Tuesday Blitz July 25 Early 2023"]
[White "Omariev, Maksim"]
[Black "Vyatkin, Dmitry"]
[WhiteFideId "4193423"]
[BlackFideId "4171900"]
[WhiteElo "2405"]
[BlackElo "2538"]
[Result "1-0"]
[Round "7"]
[TimeControl "180+2"]
[Date "2023.07.25"]
[WhiteClock "0:00:06"]
[BlackClock "0:00:00"]
[Board "113"]

1. g4 e5 2. Bg2 Nc6 3. c4 d6 4. h3 g6 5. d3 Bg7 6. Nc3 Nge7 7. Nf3 O-O 8. Bg5 h6 9. Bh4 Be6 10. Qd2 Qd7 11. e4 a6 12. Nd5 f5 13. gxf5 gxf5 14. O-O-O b5 15. Rhg1 bxc4 16. dxc4 Kh8 17. Bxe7 Nxe7 18. Nh4 Bxd5 19. cxd5 Qe8 20. Bf3 f4 21. Bg4 Rb8 22. Bf5 Qh5 23. Rg4 Nxf5 24. Nxf5 Rxf5 25. exf5 Qxf5 26. Rdg1 Bf6 27. Qc2 e4 28. b3 Qe5 29. Qxc7 Qb2+ 30. Kd1 Qb1+ 31. Qc1 Qd3+ 32. Qd2 Qf3+ 33. Qe2 Be5 34. Qxf3 exf3 35. Rg6 Kh7 36. Re6 Rb5 37. Re7+ Kh8 38. Re8+ Kh7 39. Re7+ Kh8 40. Kd2 Rxd5+ 41. Kc2 Rc5+ 42. Kd3 Rc8 43. Ke4 Rf8 44. Kxf3 Rc8 45. Rg6 1-0


[Site "https://www.chess.com"]

[Event "Titled Tuesday Blitz July 25 Early 2023"]
[White "Astafurov, Arseniy"]
[Black "Andreev, Konstantin"]
[WhiteFideId "24175218"]
[BlackFideId "24239305"]
[WhiteElo "2399"]
[BlackElo "2537"]
[Result "0-1"]
[Round "7"]
[TimeControl "180+2"]
[Date "2023.07.25"]
[WhiteClock "0:00:00"]
[BlackClock "0:00:14"]
[Board "114"]

1. c4 e5 2. Nc3 Nf6 3. Nf3 Nc6 4. e3 d5 5. cxd5 Nxd5 6. Bb5 Nxc3 7. bxc3 Bd6 8. e4 O-O 9. O-O f5 10. Bd3 Kh8 11. Re1 Qf6 12. Qc2 Ne7 13. Rb1 b6 14. exf5 Nxf5 15. Be4 Rb8 16. d4 exd4 17. Bg5 Qf7 18. cxd4 h6 19. Bc1 Be6 20. Ne5 Qf6 21. Bb2 c5 22. Nc4 Bxc4 23. dxc5 Nd4 24. Bxd4 Qxd4 25. cxd6 Rbc8 26. Rbd1 Qf6 27. d7 Rc5 28. Qd2 Rd8 29. Bf3 Bf7 30. h3 Rc7 31. Bg4 h5 32. Bf3 Be6 33. Bxh5 Rcxd7 34. Qe2 Rxd1 35. Rxd1 Rxd1+ 36. Qxd1 Bxa2 37. Bf3 a5 38. Qd7 Qa1+ 39. Kh2 Qe5+ 40. g3 Be6 41. Qd8+ Kh7 42. Qxb6 a4 43. Qa6 Qf5 44. Bg2 Bb3 45. Qa8 Bc2 0-1


[Site "https://www.chess.com"]

[Event "Titled Tuesday Blitz July 25 Early 2023"]
[White "Gontcharov, Vladislav"]
[Black "Harriott, Tyrell"]
[WhiteFideId "4123492"]
[BlackFideId "2086484"]
[WhiteElo "2533"]
[BlackElo "2387"]
[Result "0-1"]
[Round "7"]
[TimeControl "180+2"]
[Date "2023.07.25"]
[WhiteClock "0:00:01"]
[BlackClock "0:00:10"]
[Board "115"]

1. d4 e6 2. c4 d5 3. Nc3 f5 4. Nf3 c6 5. e3 Bd6 6. Bd3 Nf6 7. O-O O-O 8. Qc2 Ne4 9. Ne2 Nd7 10. b3 Qf6 11. Bb2 g5 12. Ne1 Qh6 13. f4 g4 14. Bxe4 fxe4 15. g3 Nf6 16. Qc1 Rf7 17. Ba3 Bc7 18. Ng2 Ne8 19. Nh4 Bd8 20. Ng2 Ng7 21. Qd2 Nf5 22. Bb4 Qh3 23. Kf2 Bf6 24. Rh1 Bd7 25. a4 Rd8 26. Rac1 Qh6 27. Ba5 Rc8 28. Bb4 Be8 29. a5 Rd7 30. Ba3 Qg7 31. Bb2 Rdd8 32. b4 Bf7 33. b5 c5 34. cxd5 exd5 35. Rhd1 c4 36. Ba3 Be8 37. Rb1 Qc7 38. Qb4 Be7 39. b6 Qd7 40. Qb2 a6 41. Bxe7 Qxe7 42. Nc3 Qf7 43. Qb4 Qe6 44. Rh1 Bf7 45. Ke2 Qg6 46. Kd2 Rd7 47. Qa3 Qh5 48. Rbg1 Qh3 49. Ne2 Qh6 50. Qc3 Qc6 51. h3 h5 52. Nh4 Nxh4 53. gxh4 Be6 54. hxg4 Bxg4 55. Ng3 Kh7 56. Ra1 Bf3 57. Rh2 Qg6 58. Rg1 Rg7 59. Ne2 Qf6 60. Rf1 Rcg8 61. Rhf2 Rg2 62. Qb4 Qe6 63. Qc5 R8g7 64. Qc7 Rxf2 65. Qe5 Qxe5 66. Rxf2 Qf5 67. Nc3 Qh3 0-1


[Site "https://www.chess.com"]

[Event "Titled Tuesday Blitz July 25 Early 2023"]
[White "Namitbir Singh Walia"]
[Black "Chor, Kevin"]
[WhiteFideId "35071068"]
[BlackFideId "2090740"]
[WhiteElo "2385"]
[BlackElo "2531"]
[Result "1-0"]
[Round "7"]
[TimeControl "180+2"]
[Date "2023.07.25"]
[WhiteClock "0:00:03"]
[BlackClock "0:00:06"]
[Board "116"]

1. e4 c5 2. Nf3 a6 3. c4 Nc6 4. d4 cxd4 5. Nxd4 e6 6. a3 Nf6 7. Nc3 Qc7 8. Be3 h5 9. Be2 Be7 10. h3 Nxd4 11. Qxd4 d6 12. O-O-O Bd7 13. Kb1 Bc6 14. Rc1 Kf8 15. g4 Nd7 16. g5 Nc5 17. Ka2 e5 18. Qd2 Nxe4 19. Nxe4 Bxe4 20. Rhf1 Bg2 21. Rg1 Bxh3 22. f4 Bf5 23. fxe5 dxe5 24. Rcf1 g6 25. Qc3 Kg7 26. Bd3 Bxd3 27. Qxd3 Rad8 28. Qc3 Bc5 29. Rf6 Bxe3 30. Qxe3 Qxc4+ 31. Ka1 Qd4 32. Qe1 e4 33. Rgf1 Rhf8 34. Qc1 e3 35. Qc7 Rd7 36. Qc2 Qe5 37. Qc4 Qe6 38. Rxe6 fxe6 39. Rxf8 Kxf8 40. Qxe6 Re7 41. Qf6+ Ke8 42. Qxg6+ Kd8 43. Qd3+ Ke8 44. Qe2 h4 45. g6 Kf8 46. Kb1 h3 47. Kc2 h2 48. Qxh2 Kg7 49. Qh7+ Kf6 50. Qh4+ Ke6 51. g7 Kf7 52. Qxe7+ 1-0


[Site "https://www.chess.com"]

[Event "Titled Tuesday Blitz July 25 Early 2023"]
[White "Santos Flores, Alberto"]
[Black "Dwilewicz, Katarzyna"]
[WhiteFideId "3601234"]
[BlackFideId "1148486"]
[WhiteElo "2529"]
[BlackElo "2358"]
[Result "1-0"]
[Round "7"]
[TimeControl "180+2"]
[Date "2023.07.25"]
[WhiteClock "0:00:14"]
[BlackClock "0:00:02"]
[Board "117"]

1. e4 c5 2. Nf3 d6 3. Bb5+ Bd7 4. Bxd7+ Qxd7 5. c4 Nc6 6. Nc3 g6 7. d4 cxd4 8. Nxd4 Bg7 9. Be3 Nf6 10. f3 O-O 11. Rc1 Rac8 12. b3 e6 13. O-O Rfd8 14. f4 e5 15. Nc2 Ng4 16. f5 Nxe3 17. Nxe3 Nd4 18. Ncd5 b5 19. Kh1 Kh8 20. cxb5 Qxb5 21. fxg6 fxg6 22. Qg4 Rxc1 23. Rxc1 Rf8 24. h3 Qd3 25. Rc8 Ne2 26. Rxf8+ Bxf8 27. Kh2 Kg8 28. Qe6+ Kg7 29. Qd7+ Kh6 30. Ng4+ Kh5 31. Ndf6+ Kh4 32. Ne3 Nf4 33. Qg4# 1-0


[Site "https://www.chess.com"]

[Event "Titled Tuesday Blitz July 25 Early 2023"]
[White "Peiris, T G M"]
[Black "Yurtseven, Melih"]
[WhiteFideId "9901310"]
[BlackFideId "6312160"]
[WhiteElo "2357"]
[BlackElo "2528"]
[Result "0-1"]
[Round "7"]
[TimeControl "180+2"]
[Date "2023.07.25"]
[WhiteClock "0:01:03"]
[BlackClock "0:01:26"]
[Board "118"]

1. e4 b6 2. f4 Bb7 3. Nc3 c5 4. Nf3 g6 5. Bc4 Bg7 6. d3 d6 7. O-O Nc6 8. a3 Nd4 9. Ne2 Nxf3+ 10. Rxf3 Nf6 11. Bb5+ Nd7 12. Qe1 O-O 13. Rh3 f5 14. Bc4+ Kh8 15. Qh4 h6 16. Qg5 Kh7 17. Be6 Rf6 18. exf5 gxf5 19. Bxf5+ Kg8 20. Qg4 Nf8 21. Ng3 e6 22. Be4 d5 23. Bf3 Rg6 24. Qh5 Qe8 25. f5 Rf6 26. Qg4 exf5 27. Qf4 Qe1+ 28. Nf1 Ng6 29. Qc7 Rf7 30. Qd6 Bd4+ 31. Be3 Bxe3+ 32. Kh1 Qxa1 33. Qxg6+ Rg7 34. Qe6+ Kh8 35. Rxh6+ Bxh6 36. Qxh6+ Kg8 37. Qe6+ Rf7 38. Qg6+ Kf8 39. Qd6+ Kg7 40. Qg3+ Kh7 41. Qh4+ Kg8 42. Qg3+ Rg7 43. Qf2 Re8 44. h4 Qe1 0-1


[Site "https://www.chess.com"]

[Event "Titled Tuesday Blitz July 25 Early 2023"]
[White "Tokman, Ariel"]
[Black "Rodriguez Santiago, Jaime"]
[WhiteFideId "117420"]
[BlackFideId "3100898"]
[WhiteElo "2522"]
[BlackElo "2356"]
[Result "1-0"]
[Round "7"]
[TimeControl "180+2"]
[Date "2023.07.25"]
[WhiteClock "0:01:06"]
[BlackClock "0:00:00"]
[Board "119"]

1. c4 Nf6 2. Nf3 e6 3. Nc3 d5 4. d4 c5 5. cxd5 Nxd5 6. e4 Nxc3 7. bxc3 cxd4 8. cxd4 Bb4+ 9. Bd2 Bxd2+ 10. Qxd2 O-O 11. Bd3 b6 12. O-O Bb7 13. Rfe1 Nc6 14. Qe3 Nb4 15. Bb1 Rc8 16. Qd2 a5 17. a3 Nc6 18. h4 Qd7 19. Ba2 Rfd8 20. Rad1 Qe7 21. Qe3 h6 22. Rb1 Qc7 23. d5 exd5 24. exd5 Nb8 25. Rec1 Qd6 26. Rxc8 Rxc8 27. Rxb6 Qc7 28. d6 Qc2 29. Bxf7+ Kxf7 30. Rxb7+ Kg8 31. Qe7 Qc3 32. Ne5 Qc1+ 33. Kh2 Qf4+ 34. Kh3 Qf5+ 35. Kg3 Rc3+ 36. f3 1-0


[Site "https://www.chess.com"]

[Event "Titled Tuesday Blitz July 25 Early 2023"]
[White "Mindhunter08"]
[Black "Vujacic, Igor"]
[BlackFideId "932620"]
[WhiteElo "2521"]
[BlackElo "2351"]
[Result "0-1"]
[Round "7"]
[TimeControl "180+2"]
[Date "2023.07.25"]
[WhiteClock "0:00:10"]
[BlackClock "0:00:05"]
[Board "120"]

1. e4 c5 2. Nf3 Nc6 3. d4 cxd4 4. Nxd4 g6 5. Be3 Nf6 6. Nc3 Bg7 7. f3 O-O 8. Qd2 d5 9. exd5 Nxd5 10. Nxc6 bxc6 11. Bd4 Nxc3 12. Bxg7 Qxd2+ 13. Kxd2 Ne4+ 14. fxe4 Kxg7 15. Kc3 Be6 16. Be2 Rfd8 17. Rhd1 Kf6 18. Rxd8 Rxd8 19. Rd1 Rxd1 20. Bxd1 Ke5 21. Bf3 c5 22. a3 a5 23. b4 axb4+ 24. axb4 Kd6 25. h4 f6 26. g3 Bf7 27. Be2 cxb4+ 28. Kxb4 f5 29. Bf3 e5 30. c4 Be8 31. c5+ Kc7 32. Kc4 Bc6 33. Kd3 Bb7 34. Ke3 Bc8 35. Kd3 Ba6+ 36. Ke3 Bc8 37. exf5 gxf5 38. Bd5 Bb7 39. Be6 Be4 40. Bg8 h6 41. Bh7 Kc6 42. g4 Kxc5 43. gxf5 Bd5 44. f6 Kd6 45. Bg6 Ke6 46. f7 Ke7 47. Kf2 Bxf7 48. Be4 Kf6 49. Kg3 Bg6 50. Bb7 Bf5 51. Kf3 Be6 52. Ke3 Bd7 53. Kf3 Be6 54. Kg3 Bf5 55. Ba8 Ke6 56. Bb7 Kd6 57. Bf3 Kc5 58. Ba8 Kd4 59. Kf3 e4+ 60. Kf4 e3 61. Bf3 Bg6 62. Kg4 Kd3 63. h5 Bh7 64. Kf4 e2 65. Bxe2+ Kxe2 66. Ke5 Kf3 67. Kf6 Kg4 68. Kg7 Kxh5 69. Kxh7 Kg5 70. Kg7 h5 0-1


[Site "https://www.chess.com"]

[Event "Titled Tuesday Blitz July 25 Early 2023"]
[White "K2JW"]
[Black "Makkar, Rajat"]
[BlackFideId "36016810"]
[WhiteElo "2355"]
[BlackElo "2517"]
[Result "0-1"]
[Round "7"]
[TimeControl "180+2"]
[Date "2023.07.25"]
[WhiteClock "0:00:41"]
[BlackClock "0:01:49"]
[Board "121"]

1. e4 c5 2. Ne2 Nc6 3. Nbc3 Nf6 4. g3 d5 5. exd5 Nxd5 6. Bg2 Nxc3 7. Nxc3 g6 8. O-O Bg7 9. Ne4 c4 10. Qe2 Be6 11. Nc5 Bd5 12. Nxb7 Nd4 13. Qd1 Qd7 14. Nc5 Qc6 15. c3 Bxg2 16. cxd4 Bxf1 17. Qxf1 Bxd4 0-1


[Site "https://www.chess.com"]

[Event "Titled Tuesday Blitz July 25 Early 2023"]
[White "Kaplan, Avi Harrison"]
[Black "Matko, Ognjen"]
[WhiteFideId "30934559"]
[BlackFideId "14509717"]
[WhiteElo "2509"]
[BlackElo "2348"]
[Result "1-0"]
[Round "7"]
[TimeControl "180+2"]
[Date "2023.07.25"]
[WhiteClock "0:00:03"]
[BlackClock "0:00:03"]
[Board "122"]

1. b3 c5 2. Bb2 Nc6 3. e3 e5 4. g3 Nge7 5. Bg2 g6 6. Ne2 Bg7 7. O-O O-O 8. c4 d5 9. cxd5 Nxd5 10. Nbc3 Ndb4 11. Ne4 Nd3 12. Ba3 Qa5 13. Nc1 Nxf2 14. Rxf2 Qxa3 15. Nd3 f5 16. Nd6 e4 17. Rc1 exd3 18. Bd5+ Kh8 19. Nf7+ Rxf7 20. Bxf7 Ne5 21. Bd5 Qxa2 22. Rxc5 a5 23. h4 Qa3 24. Rc7 Qd6 25. Qc1 Nc6 26. Rxc6 bxc6 27. Bxc6 Ra7 28. Bg2 Rc7 29. Qf1 Rc2 30. h5 Qxg3 31. hxg6 Qxg6 32. Qxd3 Rc1+ 33. Rf1 Bf6 34. Rxc1 Be6 35. Qd6 Bh4 36. Rc6 Bxb3 37. Qb8+ Qg8 38. Rc8 Bf7 39. Rxg8+ Bxg8 40. Qb2+ Bf6 41. Qxf6# 1-0


[Site "https://www.chess.com"]

[Event "Titled Tuesday Blitz July 25 Early 2023"]
[White "Osinovsky, Stepan"]
[Black "Turzo, Attila"]
[WhiteFideId "4157354"]
[BlackFideId "704954"]
[WhiteElo "2341"]
[BlackElo "2504"]
[Result "0-1"]
[Round "7"]
[TimeControl "180+2"]
[Date "2023.07.25"]
[WhiteClock "0:00:00"]
[BlackClock "0:01:05"]
[Board "123"]

1. Nf3 Nf6 2. g3 g6 3. Bg2 Bg7 4. O-O O-O 5. d3 d6 6. e4 c5 7. Re1 Nc6 8. a4 Bg4 9. h3 Bxf3 10. Qxf3 Nd7 11. c3 Rb8 12. h4 h5 13. Qe2 a6 14. Nd2 b5 15. axb5 axb5 16. Nf1 b4 17. Bd2 Nde5 18. Ne3 e6 19. f4 Nd7 20. Bf3 bxc3 21. bxc3 Rb3 22. e5 d5 23. Reb1 Qb6 24. Qd1 Rxb1 25. Rxb1 Qa6 26. Be2 Ra8 27. Qb3 Rb8 28. Qc2 Bf8 29. Rxb8 Ndxb8 30. Kf2 Nd7 31. Qb2 d4 32. Nc4 dxc3 33. Bxc3 Nb4 34. Qa3 Qxa3 35. Nxa3 Nb6 36. Bd2 Be7 37. Nc4 N6d5 38. Bf1 Kf8 39. Ke2 Ke8 40. Bg2 Kd7 41. Be1 Kc6 42. Bf2 Kb5 43. Bf3 Nc6 44. Kd2 Ncb4 45. Ke2 Nb6 46. Ne3 Nc6 47. Nc4 Nd4+ 48. Bxd4 cxd4 49. Nxb6 Kxb6 50. Be4 Bb4 51. Kf2 Kc5 52. Bf3 Bd2 0-1


[Site "https://www.chess.com"]

[Event "Titled Tuesday Blitz July 25 Early 2023"]
[White "arturdailima"]
[Black "Osmak, Yuliia"]
[BlackFideId "14101602"]
[WhiteElo "2327"]
[BlackElo "2504"]
[Result "1-0"]
[Round "7"]
[TimeControl "180+2"]
[Date "2023.07.25"]
[WhiteClock "0:00:40"]
[BlackClock "0:00:07"]
[Board "124"]

1. e4 c5 2. Nf3 Nc6 3. Bb5 e6 4. O-O Nge7 5. Re1 a6 6. Bf1 b5 7. a4 b4 8. c3 Bb7 9. d4 cxd4 10. cxd4 d5 11. e5 Nf5 12. g4 Nh4 13. Be3 Nxf3+ 14. Qxf3 Be7 15. Nd2 O-O 16. Bd3 a5 17. Qh3 g6 18. Kg2 Ba6 19. Bc2 Rc8 20. Rac1 Qb6 21. Nb3 Bc4 22. Red1 Kh8 23. f4 f5 24. exf6 Rxf6 25. Nc5 Bxc5 26. dxc5 Qc7 27. g5 Rxf4 28. Bxf4 Qxf4 29. Qg3 Rf8 30. Qxf4 Rxf4 31. Kg3 Rf7 32. Re1 Nd4 33. Bd1 Kg7 34. Bg4 Re7 35. Rcd1 Nf5+ 36. Bxf5 gxf5 37. Kf4 Rc7 38. Rxe6 Rxc5 39. Re7+ Kg6 40. h4 d4 41. h5+ Kxh5 42. Rh1+ Kg6 43. Rh6# 1-0


[Site "https://www.chess.com"]

[Event "Titled Tuesday Blitz July 25 Early 2023"]
[White "Huynh, Lam Binh Nguyen"]
[Black "Kuznetsova, Olga"]
[WhiteFideId "12401633"]
[BlackFideId "4191323"]
[WhiteElo "2318"]
[BlackElo "2503"]
[Result "0-1"]
[Round "7"]
[TimeControl "180+2"]
[Date "2023.07.25"]
[WhiteClock "0:00:30"]
[BlackClock "0:00:42"]
[Board "125"]

1. d4 Nf6 2. Bf4 e6 3. e3 d5 4. c3 Bd6 5. Nd2 O-O 6. Ngf3 h6 7. h3 c5 8. Bd3 Qc7 9. Ne5 Nc6 10. Ndf3 Ne4 11. O-O f5 12. Ng6 Rf6 13. Bxd6 Qxd6 14. Nge5 Bd7 15. Nxc6 bxc6 16. Ne5 Rb8 17. Qe2 cxd4 18. cxd4 c5 19. Bxe4 fxe4 20. Nxd7 Qxd7 21. dxc5 a5 22. b3 Qc6 23. Rfc1 Rbf8 24. a3 e5 25. b4 d4 26. b5 Qd5 27. exd4 exd4 28. Ra2 Rxf2 29. Qxf2 Rxf2 30. Rxf2 e3 31. Re2 d3 32. Rxe3 Qd4 33. Kf2 Qf4+ 34. Rf3 Qxc1 35. Rxd3 Qxc5+ 36. Re3 Qxb5 37. Kf3 Kf7 38. Re4 Qf1+ 39. Kg3 Qd3+ 40. Kf4 Qxa3 41. Re5 Qd6 42. Ke4 a4 0-1


[Site "https://www.chess.com"]

[Event "Titled Tuesday Blitz July 25 Early 2023"]
[White "Schlecht, Daniel, Dr."]
[Black "Romero Arzuaga, Yudel"]
[WhiteFideId "4623959"]
[BlackFideId "3521010"]
[WhiteElo "2502"]
[BlackElo "2307"]
[Result "1-0"]
[Round "7"]
[TimeControl "180+2"]
[Date "2023.07.25"]
[WhiteClock "0:00:23"]
[BlackClock "0:00:05"]
[Board "126"]

1. Nf3 Nf6 2. d4 g6 3. Bg5 Bg7 4. Nbd2 d6 5. e4 Nbd7 6. c3 c6 7. Bd3 O-O 8. O-O b5 9. Re1 e5 10. a4 bxa4 11. Qxa4 Qb6 12. Qc2 Rb8 13. dxe5 Nxe5 14. Nxe5 dxe5 15. Nc4 Qc7 16. Be3 c5 17. f3 Be6 18. Bf2 Rb7 19. Na5 Rbb8 20. Bc4 Bxc4 21. Nxc4 Nh5 22. Red1 Nf4 23. Ne3 Qb7 24. Ra2 Rfd8 25. Bg3 Rxd1+ 26. Qxd1 Ne6 27. Nd5 f5 28. Qc2 f4 29. Bf2 Nc7 30. Nxc7 Qxc7 31. Qd3 Rd8 32. Qc4+ Kh8 33. Ra1 Bf8 34. b4 Rc8 35. b5 Rd8 36. Qa4 Rd7 37. Qc4 Qd8 38. h3 Rd1+ 39. Rxd1 Qxd1+ 40. Kh2 Qd2 41. Bxc5 Bxc5 42. Qxc5 Kg8 43. Qd5+ Kf8 44. Qxd2 1-0


[Site "https://www.chess.com"]

[Event "Titled Tuesday Blitz July 25 Early 2023"]
[White "Senft, Sean"]
[Black "Taboas Rodriguez, Daniel"]
[WhiteFideId "2044960"]
[BlackFideId "2208466"]
[WhiteElo "2306"]
[BlackElo "2497"]
[Result "0-1"]
[Round "7"]
[TimeControl "180+2"]
[Date "2023.07.25"]
[WhiteClock "0:00:16"]
[BlackClock "0:01:22"]
[Board "127"]

1. d4 Nf6 2. c4 g6 3. Nc3 Bg7 4. e4 d6 5. f4 O-O 6. Nf3 Na6 7. Bd3 e5 8. fxe5 dxe5 9. d5 Nc5 10. Bc2 a5 11. O-O Qe7 12. Bg5 h6 13. Bh4 g5 14. Nxg5 hxg5 15. Bxg5 Ncd7 16. Rf3 Qc5+ 17. Be3 Qxc4 18. Rg3 Kh8 19. Rh3+ Nh7 20. a3 Qa6 21. Bd3 Qf6 22. Qh5 Qg6 23. Qh4 Nf6 24. Rf3 Qh5 25. Qf2 Ng4 26. Qe2 Qxh2+ 27. Kf1 Qh1+ 28. Bg1 Nh2+ 29. Kf2 Nxf3 30. Qxf3 Qh4+ 31. Ke2 Bg4 0-1


[Site "https://www.chess.com"]

[Event "Titled Tuesday Blitz July 25 Early 2023"]
[White "Araujo Filho, Luiz Antonio Coel"]
[Black "Petrovic, Aleksa"]
[WhiteFideId "2130661"]
[BlackFideId "967629"]
[WhiteElo "2293"]
[BlackElo "2496"]
[Result "0-1"]
[Round "7"]
[TimeControl "180+2"]
[Date "2023.07.25"]
[WhiteClock "0:00:47"]
[BlackClock "0:02:04"]
[Board "128"]

1. d4 e6 2. Nf3 Nf6 3. e3 c5 4. Bd3 b6 5. Nbd2 Bb7 6. Qe2 Nc6 7. c3 cxd4 8. exd4 g6 9. O-O Bg7 10. Re1 O-O 11. Nf1 d6 12. Bg5 Qc7 13. Ng3 Rfe8 14. Qd2 e5 15. Bxf6 Bxf6 16. d5 Ne7 17. c4 Bg7 18. h4 h6 19. h5 g5 20. Rac1 Bc8 21. Bb1 f5 22. Nxg5 hxg5 23. Qxg5 Kh7 24. Nxf5 Bxf5 25. Bxf5+ Nxf5 26. Qxf5+ Kh8 27. h6 Bxh6 28. Re3 Bxe3 0-1


[Site "https://www.chess.com"]

[Event "Titled Tuesday Blitz July 25 Early 2023"]
[White "Mmukka"]
[Black "Torres Hernandez, Leslie Carolin"]
[BlackFideId "8400504"]
[WhiteElo "2494"]
[BlackElo "2275"]
[Result "1-0"]
[Round "7"]
[TimeControl "180+2"]
[Date "2023.07.25"]
[WhiteClock "0:00:09"]
[BlackClock "0:00:36"]
[Board "129"]

1. e4 c5 2. Nf3 d6 3. d4 cxd4 4. Nxd4 Nf6 5. Nc3 a6 6. h3 e5 7. Nde2 h5 8. g3 Be6 9. Bg2 g6 10. O-O h4 11. g4 Nbd7 12. a4 Be7 13. Nd5 Bxd5 14. exd5 Rc8 15. Be3 Nb6 16. b3 Nbd7 17. a5 Nh7 18. c4 Bg5 19. f4 exf4 20. Bd4 O-O 21. Nxf4 Re8 22. Qd3 Ne5 23. Qc2 Bf6 24. Bb6 Qd7 25. Rae1 Bd8 26. Qf2 Bxb6 27. Qxb6 Qc7 28. Qxc7 Rxc7 29. Re3 Rc5 30. Ra1 Ng5 31. Nd3 Nef3+ 32. Rxf3 Nxf3+ 33. Bxf3 Rcc8 34. Kf2 Re7 35. Re1 Rce8 36. Rxe7 Rxe7 37. c5 dxc5 38. Nxc5 1-0


[Site "https://www.chess.com"]